 Dungeon Crawl Stone Soup version 0.29.1-13-g9f3cf754e1 (webtiles) character file.

Game seed: 13483926976183632547

71650 cheesebisquit the Thrower (level 14, -1/136 HPs)
             Began as a Troll Fighter on Jan 19, 2023.
             Was an Elder of Okawaru.
             Slain by a troll (18 damage)
             ... on level 1 of the Orcish Mines.
             The game lasted 02:03:59 (17786 turns).

cheesebisquit the Thrower (Troll Fighter)          Turns: 17786, Time: 02:04:00

Health: -1/136     AC: 19    Str: 29    XL:     14   Next: 98%
Magic:  24/24      EV:  7    Int:  6    God:    Okawaru [****..]
Gold:   1457       SH:  9    Dex:  9    Spells: 15/27 levels left

rFire   . . .      SeeInvis +     - Unarmed
rCold   x . .      Faith    .   b - +1 kite shield
rNeg    + + .      Spirit   .   j - +1 pearl dragon scales
rPois   .          Reflect  .   c - +3 hat of Jigsaw {Harm rElec rC- rN+}
rElec   +          Harm     +   p - +2 cloak
rCorr   .          Rampage  .   (gloves unavailable)
Will    +....                   (boots unavailable)
Stlth   ..........              (no amulet)
HPRegen 1.12/turn               L - ring of see invisible
MPRegen 0.19/turn               v - +4 ring of slaying

@: silenced
A: large, unfitting armour, claws 3, regeneration 1, shaggy fur 1, tough skin 1
a: Renounce Religion


You were on level 1 of the Orcish Mines.
You worshipped Okawaru.
Okawaru was greatly pleased with you.
You visited 4 branches of the dungeon, and saw 20 of its levels.
You also visited: Volcano.

You collected 1457 gold pieces.

Inventory:

Missiles
 o - 2 curare-tipped darts (quivered)
 y - 30 poisoned darts
 D - 10 stones
 J - 3 silver javelins
 X - 2 javelins
 Z - 7 atropa-tipped darts
Armour
 b - a +1 kite shield (worn)
 c - the +3 hat of Jigsaw (worn) {Harm rElec rC- rN+}
   (Okawaru gifted it to you on level 1 of the Lair of Beasts)

   rC:        It makes you vulnerable to cold.
   rElec:     It insulates you from electricity.
   rN:        It protects you from negative energy.
   Harm:      It increases damage dealt and taken.
 j - +1 pearl dragon scales (worn)
 p - a +2 cloak (worn)
 r - a +1 hat
 G - the +2 cloak of the Thief {*Fog Slay-2 SInv Stlth+}
   (You found it in a volcano)

   It may release a thick cloud of smoke when the wearer is hurt.
   Slay:      It affects your accuracy & damage with ranged weapons and melee
   (-2).
   SInv:      It lets you see invisible.
   Stlth:     It makes you more stealthy.
Jewellery
 s - a ring of protection from cold
 t - a ring of resist corrosion
 v - a +4 ring of slaying (right claw)
 x - a ring of positive energy
 K - a ring of poison resistance
 L - a ring of see invisible (left claw)
 M - a +4 ring of evasion
 P - a ring of ice
 S - a ring of willpower
Wands
 e - a wand of polymorph (4)
 n - a wand of acid (9)
 u - a wand of roots (38)
 H - a wand of digging (2)
 O - a wand of mindburst (23)
Scrolls
 h - 5 scrolls of poison
 k - 4 scrolls of immolation
 q - 2 scrolls of torment
 A - a scroll of enchant armour
 C - 3 scrolls of vulnerability
 E - a scroll of silence
 F - a scroll of blinking {unknown}
 N - 2 scrolls of acquirement {unknown}
 Q - 2 scrolls of fear
 T - a scroll of butterflies {unknown}
 V - 3 scrolls of teleportation
Potions
 f - 7 potions of brilliance
 g - 5 potions of flight
 i - 2 potions of invisibility
 l - 7 potions of curing
 m - 2 potions of berserk rage
 w - 2 potions of lignification
 B - 5 potions of mutation
 I - 4 potions of ambrosia
 R - a potion of might
 U - 3 potions of haste
 Y - a potion of magic


   Skills:
 - Level 8.1 Fighting
 - Level 11.7 Throwing
 - Level 1.4 Armour
 - Level 2.4 Dodging
 + Level 6.4 Shields
 - Level 9.6 Unarmed Combat
 + Level 7.4 Spellcasting
 * Level 10.1 Translocations
 + Level 7.7 Invocations


You had 15 spell levels left.
You knew the following spells:

 Your Spells              Type           Power      Damage    Failure   Level
a - Dispersal             Tloc           7%         N/A       97%         6
b - Teleport Other        Tloc           14%        N/A       6%          3
c - Gell's Gravitas       Tloc           14%        N/A       6%          3

Your spell library contained the following spells:

 Spells                   Type           Power      Damage    Failure   Level
 Beastly Appendage        Tmut           4%         N/A       77%         1
 Freeze                   Ice            8%         1d3       77%         1
 Scorch                   Fire           4%         2d5       88%         2
 Sublimation of Blood     Necr           2%         N/A       88%         2
 Wereblood                Tmut           2%         N/A       88%         2
 Frozen Ramparts          Ice            4%         1d1       98%         3
 Ozocubu's Armour         Ice            2%         N/A       98%         3
 Spider Form              Tmut/Pois      2%         N/A       98%         3
 Airstrike                Air            1%         2d(1-17)  100%        4
 Corpse Rot               Necr/Pois/Air  2%         N/A       100%        4
 Dispel Undead            Necr           2%         3d7       100%        4
 Flame Wave               Conj/Fire      2%         2d4       100%        4
 Hailstorm                Conj/Ice       2%         3d3       100%        4
 Fireball                 Conj/Fire      1%         3d3       100%        5
 Metabolic Englaciation   Hex/Ice        1%         N/A       100%        5
 Starburst                Conj/Fire      1%         6d3       100%        6
 Death Channel            Necr           Unusable   N/A       N/A         6
 Simulacrum               Ice/Necr       Unusable   N/A       N/A         6
 Summon Cactus Giant      Summ           Unusable   N/A       N/A         6
 Summon Hydra             Summ           Unusable   N/A       N/A         7

Dungeon Overview and Level Annotations

Branches:
Dungeon (12/15)            Temple (1/1) D:7            Lair (5/5) D:10
 Shoals (0/4) Lair:3       Spider (0/4) Lair:3        Slime (0/5) Lair:5
    Orc (2/2) D:12        Volcano (visited)
    Elf: Orc:2

Altars:
Ashenzari
Cheibriados
Dithmenos
Elyvilon
Fedhas
Gozag
Hepliaklqana
Kikubaaqudgha
Makhleb
Nemelex Xobeh
Okawaru
Qazlal
Ru
Sif Muna
Trog
Uskayaw
Vehumet
Wu Jian
Xom
Yredelemnul
Zin
The Shining One
Jiyva

Shops:
D:11 *

Annotations:
Lair:5 1 runed translucent door
Orc:1 1 transporter, 1 runed translucent door


Innate Abilities, Weirdness & Mutations

You are too large for most types of armour.
You have claws for hands.
Your natural rate of healing is unusually fast.
You are covered in fur. (AC +1)
You have tough skin. (AC +1)


Message History

You mangle the cyclops!!
You kill the cyclops!
Okawaru accepts your kill.
A two-headed ogre, a troll and an ettin come into view.
Found an ichor-stained plate armour and a glowing hand axe.
You see here 5 large rocks.
Your line of fire to the moth of wrath is blocked by an iron grate.
Throw: 3 large rocks
Press: ? - help, Q - select action, (/) - cycle Shift-Dir - straight line, f - two-headed ogre, p - moth of wrath
Aim: a two-headed ogre, wielding a +0 giant spiked club and a +0 great mace (silenced, 80% to hit)
You throw a large rock.
The large rock hits the two-headed ogre!!!
You kill the two-headed ogre!
Okawaru accepts your kill.
Throw: 2 large rocks
Press: ? - help, Q - select action, (/) - cycle Shift-Dir - straight line, f - troll
Aim: a troll (silenced, 69% to hit)
You throw a large rock.
The large rock closely misses the troll.
Throw: large rock
Press: ? - help, Q - select action, (/) - cycle Shift-Dir - straight line, f - ettin, p - troll
Aim: an ettin, wielding a +0 great mace and a +0 dire flail (silenced, 86% to hit)
You throw a large rock.
The large rock hits the ettin but does no damage.
The moth of wrath goads the troll on!
The troll goes berserk!
You claw the troll!
The troll is moderately wounded.
The troll barely misses you. The troll claws you but does no damage.
The troll claws you.
The moth of wrath angrily waves its antennae.
The moth of wrath goads the ettin on!
The ettin goes berserk!
You mangle the troll!!
The troll is almost dead.
The troll completely misses you. The troll claws you but does no damage.
The troll barely misses you.
The ettin hits you with a +0 great mace!!!
The ettin hits you with a +0 dire flail!!
* * * LOW HITPOINT WARNING * * *
The troll bites you!
You die...

* *************** *
***,,,,.......(.#*#
*
*,*,,,,.......(.#e#
*
*,*,,⌠..!$)..⌠..#e#
*
*,*,,,.$?))$....#e#
*
*,*,,,,$:_[$$(..#y#
*
*,*,,***#+*###..#e*
***,,*,##W##y#TC###
*,*,,**#######@.#☼#
***,,,,#...#.†..###
### **,.,+.÷.'...##
##.## **..+.©.'..##
#...## *##########
####..#. #y#####y#
##.##.... ###.©.###
#........ #.......#
####.#.....
#.......#
#.###...#..


You could see a deep elf annihilator, an ettin (berserk), a deep elf
elementalist (repels missiles), 3 moths of wrath, 2 deep elf pyromancers and a
troll (berserk).

Vanquished Creatures
  2 orc warlords (Orc:1)
  2 fire dragons
  9 hydras
  2 catoblepae
  2 boulder beetles
  Fannar (Lair:1)
  2 two-headed ogres
  Urug (D:12)
  5 death yaks (Lair:4)
  A swamp dragon (Lair:5)
  3 lindwurms (Volcano)
  2 oklob plants
  2 wolf spiders
  An ugly thing (D:12)
  4 cyclopes
  A manticore (Lair:3)
  A deep elf pyromancer (D:12)
  27 elephants
  3 black mambas
  2 gargoyles
  2 cane toads
  Maggie (Lair:1)
  2 smoke demons (Volcano)
  An unseen horror (shapeshifter) (D:12)
  11 komodo dragons
  Psyche (D:10)
  5 rime drakes (Lair:5)
  A queen bee (Lair:1)
  A wind drake (Lair:3)
  Grinder (D:5)
  12 polar bears
  3 trolls
  A raiju (Lair:5)
  A hornet (D:9)
  6 dream sheep (Lair:4)
  21 blink frogs
  A jumping spider (Lair:3)
  A wyvern (Lair:3)
  A wraith (D:11)
  41 yaks
  3 fire bats (Lair:4)
  5 basilisks
  A shadow (D:10)
  A redback (Lair:3)
  5 steam dragons
  4 vampire mosquitoes (D:12)
  9 wargs
  An acid dragon (Lair:5)
  17 hell hounds
  21 water moccasins
  Duvessa (D:6)
  13 orc warriors
  An ice beast (D:7)
  2 swamp drakes (Lair:5)
  13 black bears
  23 wolves
  2 ogres
  3 centaurs
  4 kobold brigands
  2 phantoms (D:5)
  9 bullfrogs
  A gnoll sergeant (D:9)
  4 scorpions
  4 necrophages
  A water moccasin zombie (D:5)
  7 wights (D:9)
  Dowan (D:6)
  20 killer bees
  5 howler monkeys
  12 electric eels
  A bullfrog zombie (D:5)
  A hound (D:5)
  A centaur skeleton (D:5)
  2 bullfrog skeletons (D:5)
  9 orc priests
  A jelly (D:6)
  A gnoll bouda (D:5)
  A scorpion zombie (D:5)
  Jessica (D:2)
  7 iguanas
  10 orc wizards
  A killer bee zombie (D:5)
  A hound zombie (D:5)
  2 hound skeletons (D:5)
  11 gnolls
  A howler monkey skeleton (D:5)
  12 adders
  2 shadow imps
  2 ufetubi
  A worm (D:3)
  3 dart slugs
  39 orcs
  2 bats
  17 endoplasms
  2 giant cockroaches
  7 goblins
  4 hobgoblins
  2 jackals (D:4)
  4 quokkas
  9 ball pythons
  3 frilled lizards (D:1)
  31 kobolds
  5 rats
  A butterfly (Lair:5)
579 creatures vanquished.

Vanquished Creatures (others)
  11 fungi
  39 plants
50 creatures vanquished.

Grand Total: 629 creatures vanquished

Notes
Turn   | Place    | Note
-------+----------+-------------------------------------------
     0 | D:1      | cheesebisquit the Troll Fighter began the quest for the
                  | Orb.
     0 | D:1      | Reached XP level 1. HP: 22/22 MP: 0/0
    88 | D:1      | Reached XP level 2. HP: 29/29 MP: 1/1
   103 | D:1      | Found a faded altar of an unknown god.
   548 | D:2      | Reached XP level 3. HP: 36/36 MP: 2/2
   654 | D:2      | Noticed Jessica
   659 | D:2      | Killed Jessica
   702 | D:2      | Reached skill level 1 in Throwing
   881 | D:2      | Reached XP level 4. HP: 44/44 MP: 3/3
  1158 | D:3      | Found an opulent altar of Gozag.
  1179 | D:3      | Found an opulent altar of Gozag.
  1189 | D:3      | Found an opulent altar of Gozag.
  1218 | D:3      | Found an opulent altar of Gozag.
  2064 | D:4      | Noticed a necrophage
  2073 | D:4      | Killed a necrophage
  2074 | D:4      | Reached skill level 2 in Throwing
  2074 | D:4      | Reached XP level 5. HP: 53/53 MP: 4/4
  2211 | D:4      | Noticed an ogre
  2215 | D:4      | Killed an ogre
  2216 | D:4      | Reached XP level 6. HP: 47/61 MP: 5/5
  2678 | D:5      | Entered Level 5 of the Dungeon
  2845 | D:5      | Reached skill level 3 in Throwing
  3006 | D:5      | Reached XP level 7. HP: 66/68 MP: 6/6
  3054 | D:5      | Noticed Grinder
  3063 | D:5      | Killed Grinder
  3064 | D:5      | Reached skill level 4 in Throwing
  3238 | D:5      | Reached skill level 5 in Throwing
  3239 | D:5      | Reached XP level 8. HP: 79/79 MP: 7/7
  3240 | D:5      | Reached skill level 5 in Unarmed Combat
  3559 | D:6      | Learned a level 6 spell: Dispersal
  3706 | D:6      | Reached skill level 6 in Throwing
  3997 | D:6      | Reached skill level 5 in Fighting
  3997 | D:6      | Reached skill level 1 in Translocations
  4117 | D:6      | Noticed Duvessa
  4117 | D:6      | Noticed Dowan
  4177 | D:6      | Killed Duvessa
  4187 | D:6      | Killed Dowan
  4284 | D:6      | Found an iron altar of Okawaru.
  4450 | D:6      | Became a worshipper of Warmaster Okawaru
  4582 | D:7      | Reached skill level 1 in Spellcasting
  4582 | D:7      | Reached XP level 9. HP: 88/88 MP: 9/9
  5259 | D:7      | Found a staircase to the Ecumenical Temple.
  5265 | D:7      | Reached skill level 7 in Throwing
  5479 | Temple   | Entered the Ecumenical Temple
  6205 | D:8      | Reached * piety under Okawaru
  6367 | D:8      | Identified the +9 arbalest of Chaos {freeze, rC+ rN+}
  6870 | D:9      | Reached skill level 5 in Shields
  7302 | D:9      | Reached XP level 10. HP: 98/98 MP: 10/12
  7741 | D:10     | Entered Level 10 of the Dungeon
  7798 | D:9      | Paralysed by a hornet for 2 turns
  7868 | D:10     | Found a bloodstained altar of Trog.
  7892 | D:10     | Reached ** piety under Okawaru
  8083 | D:10     | Reached skill level 8 in Throwing
  8199 | D:10     | Found a staircase to the Lair.
  8280 | D:10     | Found a hazy altar of Hepliaklqana.
  8280 | D:10     | Found an ancient bone altar of Kikubaaqudgha.
  8280 | D:10     | Found a sacrificial altar of Ru.
  8280 | D:10     | Found a stormy altar of Qazlal.
  8280 | D:10     | Found a glowing golden altar of the Shining One.
  8281 | D:10     | Found a white marble altar of Elyvilon.
  8596 | D:10     | Found a shimmering blue altar of Sif Muna.
  8787 | D:11     | Noticed Psyche
  8801 | D:10     | Killed Psyche
  9025 | D:11     | Noticed a four-headed hydra
  9032 | D:11     | Killed a four-headed hydra
  9032 | D:11     | Reached *** piety under Okawaru
  9035 | D:11     | Noticed a cyclops
  9037 | D:11     | Noticed a cyclops
  9043 | D:11     | Noticed a two-headed ogre
  9047 | D:11     | Noticed a gargoyle
  9049 | D:11     | Killed a gargoyle
  9061 | D:11     | Killed a cyclops
  9120 | D:11     | Killed a two-headed ogre
  9121 | D:11     | Reached skill level 9 in Throwing
  9121 | D:11     | Reached XP level 11. HP: 104/107 MP: 11/14
  9132 | D:11     | Reached **** piety under Okawaru
  9437 | D:11     | Found Nuhoco's Fire Supplies.
  9539 | D:12     | Noticed Urug
  9543 | D:12     | Killed Urug
  9543 | D:12     | Received a gift from Okawaru
  9544 | D:12     | Noticed a deep elf pyromancer
  9549 | D:12     | Killed a deep elf pyromancer
  9732 | D:12     | Identified the +7 battleaxe of Day {freeze, Dex+4}
  9834 | D:12     | Found a staircase to the Orcish Mines.
  9893 | D:12     | Reached ***** piety under Okawaru
 10001 | D:12     | Noticed a boulder beetle
 10005 | D:12     | Killed a boulder beetle
 10005 | D:12     | Received a gift from Okawaru
 10032 | D:12     | Noticed a cyan ugly thing
 10053 | D:12     | Killed a cyan ugly thing
 10054 | D:12     | Reached skill level 10 in Throwing
 10498 | Lair:1   | Entered Level 1 of the Lair of Beasts
 10498 | Lair:1   | Noticed a catoblepas
 10529 | Lair:1   | Killed a catoblepas
 10529 | Lair:1   | Received a gift from Okawaru
 10533 | Lair:1   | Identified the +3 hat of Jigsaw {Harm rElec rC- rN+}
                  | (Okawaru gifted it to you on level 1 of the Lair of Beasts)
 10533 | Lair:1   | Received a gift from Okawaru
 10610 | Lair:1   | Noticed an oklob plant
 10615 | Lair:1   | Killed an oklob plant
 10622 | Lair:1   | Reached XP level 12. HP: 118/118 MP: 14/17
 10670 | Lair:1   | Reached skill level 5 in Translocations
 10759 | Lair:1   | Noticed a seven-headed hydra
 10766 | Lair:1   | Killed a seven-headed hydra
 10920 | Lair:1   | Identified the +4 ring mail "Damnable Contraption" {rN+
                  | Int+6}
 11135 | Lair:1   | Noticed Fannar
 11141 | Lair:1   | Killed Fannar
 11142 | Lair:1   | Reached skill level 11 in Throwing
 11347 | Lair:1   | Received a gift from Okawaru
 11619 | Lair:1   | Noticed Maggie
 11623 | Lair:1   | Killed Maggie
 11749 | Lair:2   | Received a gift from Okawaru
 11899 | Lair:1   | Reached skill level 1 in Armour
 12978 | Lair:3   | Reached XP level 13. HP: 117/127 MP: 19/19
 12984 | Lair:3   | Received a gift from Okawaru
 12985 | Lair:3   | Reached skill level 5 in Spellcasting
 12985 | Lair:3   | Reached skill level 1 in Invocations
 13163 | Lair:3   | Received a gift from Okawaru
 13341 | Lair:3   | Received a gift from Okawaru
 13401 | Lair:3   | Found a staircase to the Shoals.
 13461 | Lair:3   | Found a hole to the Spider Nest.
 13573 | Lair:3   | Received a gift from Okawaru
 14045 | Lair:4   | Got the Guide on Burning Gusts
 14050 | Lair:4   | Learned a level 3 spell: Teleport Other
 14054 | Lair:4   | Learned a level 3 spell: Gell's Gravitas
 14062 | Lair:4   | Received a gift from Okawaru
 14081 | Lair:4   | Found a dark tunnel.
 14092 | Volcano  | Entered a volcano
 14144 | Volcano  | Received a gift from Okawaru
 14277 | Volcano  | Noticed a fire dragon
 14277 | Volcano  | Found the +2 cloak of the Thief {*Fog Slay-2 SInv Stlth+}
 14284 | Volcano  | Killed a fire dragon
 14537 | Lair:4   | Received a gift from Okawaru
 14551 | Lair:4   | Reached skill level 5 in Invocations
 15012 | Lair:4   | Found a shimmering blue altar of Sif Muna.
 15028 | Lair:4   | Identified the +2 scimitar "Xistriemp" {flame, rC+}
 15230 | Lair:5   | Entered Level 5 of the Lair of Beasts
 15237 | Lair:5   | Reached XP level 14. HP: 136/136 MP: 19/22
 15474 | Lair:5   | Received a gift from Okawaru
 16275 | Lair:5   | Received a gift from Okawaru
 16846 | Lair:5   | Found a runed translucent door.
 16846 | Lair:5   | Found a viscous altar of Jiyva.
 16846 | Lair:5   | Noticed an azure jelly
 16847 | Lair:5   | Found a staircase to the Slime Pits.
 16847 | Lair:5   | Noticed an azure jelly
 17150 | Orc:1    | Entered Level 1 of the Orcish Mines
 17349 | Orc:1    | Noticed an orc warlord
 17360 | Orc:1    | Killed an orc warlord
 17427 | Orc:2    | Entered Level 2 of the Orcish Mines
 17489 | Orc:1    | Noticed an orc warlord
 17501 | Orc:1    | Reached skill level 10 in Translocations
 17516 | Orc:1    | Killed an orc warlord
 17540 | Orc:1    | Received a gift from Okawaru
 17656 | Orc:1    | Found a transporter.
 17665 | Orc:1    | Found a transporter.
 17759 | Orc:1    | Found a runed translucent door.
 17759 | Orc:1    | Found a bloodstained altar of Trog.
 17759 | Orc:1    | Found the +8 Wrath of Trog {antimagic, *Rage Rampage}
 17762 | Orc:1    | Noticed a deep elf elementalist
 17786 | Orc:1    | Slain by a troll

Illustrated notes

Levels and vault maps discovered:
D:1:      minmay_arrival_cross, layout_rooms,
          chequers_ecumenical_altar_simple_redux
D:2:      layout_loops_ring, uniq_jessica
D:3:      layout_basic, nicolae_gozag_conspicuous_consumption, serial_aquarium,
          aquarium_bridge_long_separate [aquarium_subvault_window,
          aquarium_subvault_wall, aquarium_subvault_bridge,
          aquarium_subvault_bridge, aquarium_subvault_bridge,
          aquarium_subvault_wall], aquarium_bridge_square
          [aquarium_subvault_wall, aquarium_subvault_bridge,
          aquarium_subvault_window, aquarium_subvault_bridge],
          aquarium_window_fake, aquarium_window_corner, aquarium_window_fake,
          aquarium_view_2a, aquarium_view_4
D:4:      layout_cave_pods
D:5:      minmay_evil_eye, layout_rooms, serial_undead, serial_undead_c,
          serial_undead_d, serial_undead_e, serial_undead_b, serial_undead_f,
          serial_undead_d, serial_undead_e, uniq_grinder
D:6:      layout_loops_cross, okawaru_altar_gauntlet_db,
          nicolae_figureground_sparkle, uniq_duvessa
D:7:      layout_gridville, minmay_temple_entry_fiery, amcnicky_mini_pool_small
D:8:      layout_basic, grunt_decor_fettered
D:9:      layout_irregular_city
D:10:     layout_basic, nicolae_sif_muna_little_library,
          grunt_temple_overflow_open, erik_lair_orcish_takeover
D:11:     layout_rooms, nicolae_shop_fire_sale [nicolae_sub_dead_trees],
          uniq_psyche
D:12:     layout_basic, david_orc_2, uniq_urug
Temple:   hellmonk_temple_flake
Lair:1:   layout_cave_pods, special_room [special_room_bee], uniq_fannar,
          uniq_maggie
Lair:2:   layout_chaotic_city, serial_bayou, serial_bayou_pond_d,
          serial_bayou_crossing, serial_bayou_pond_e, serial_bayou_lagoon_b
Lair:3:   layout_gridlike, minmay_shoals_entry_beasts,
          spider_nest_entry_funnel_web, serial_bayou_shore_b
Lair:4:   layout_roguey, nicolae_volcano_entry_batcave, basic_altar
Lair:5:   guppyfry_lair_end_dragon, layout_misc_corridors,
          hangedman_lair_caniforms_friends, slime_entry_2, lemuel_fruit_fields,
          infiniplex_staircase_pool
Orc:1:    emtedronai_trogs_sanctum, layout_caves, serial_shops, shop,
          minmay_orc_barracks
Orc:2:    st_orc_town, layout_caves

Skill      XL: |  1  2  3  4  5  6  7  8  9 10 11 12 13 14 |
---------------+-------------------------------------------+-----
Shields        | 3 4 5 6 |  6.4
Unarmed Combat | 3 4 5 6 7 8 9 |  9.6
Throwing       | 1 2 3 5 6 7 9 10 11 | 11.7
Fighting       | 3 4 5 6 7 8 |  8.1
Translocations | 1 2 3 4 5 7 10 | 10.1
Spellcasting   | 1 2 3 4 6 7 |  7.4
Armour         | 1 |  1.4
Invocations    | 5 7 |  7.7
Dodging        | |  2.4

Action                   |  1- 3 |  4- 6 |  7- 9 | 10-12 | 13-15 || total
-------------------------+-------+-------+-------+-------+-------++-------
Melee: Unarmed           |    83 |   145 |   221 |   279 |   425 ||  1153
Throw: Stone             |    24 |    26 |    61 |    94 |    26 ||   231
       Dart              |       |    32 |    33 |    34 |   164 ||   263
       Javelin           |       |    15 |    36 |    52 |    37 ||   140
       Large rock        |       |       |       |    81 |    84 ||   165
       Boomerang         |       |       |       |       |    93 ||    93
Invok: Heroism           |       |       |     2 |    37 |    37 ||    76
       Finesse           |       |       |       |     2 |    16 ||    18
Evoke: Wand              |       |       |       |     4 |       ||     4
  Use: Scroll            |       |     5 |     7 |    18 |     4 ||    34
       Potion            |       |       |     2 |     2 |     9 ||    13
 Stab: Petrified         |       |       |       |     3 |     5 ||     8
       Petrifying        |       |       |       |     1 |       ||     1
Armor: Robe              |     9 |       |       |       |       ||     9
       Pearl dragon scal |    19 |    69 |   154 |   185 |   210 ||   637
Dodge: Dodged            |    15 |    32 |    61 |    99 |   129 ||   336
Block: Kite shield       |    27 |    47 |   114 |   160 |   223 ||   571
